 Dungeon Crawl Stone Soup version 0.30-a0-618-gd6c86c23d0 (webtiles) character file.

Game seed: 3764078563629183383

76 hikkokomori the Chiller (level 4, 0/34 HPs)
             Began as a Merfolk Ice Elementalist on Jan 10, 2023.
             Slain by a gnoll
             ... wielding a +0 spear
              (6 damage)
             ... on level 2 of the Dungeon.
             The game lasted 00:01:42 (1011 turns).

hikkokomori the Chiller (Merfolk Ice Elementalist)  Turns: 1011, Time: 00:01:43

Health: 0/34       AC:  2    Str:  8    XL:     4   Next: 32%
Magic:  0/7        EV: 12    Int: 16    God:
Gold:   74         SH:  0    Dex: 14    Spells: 3/7 levels left

rFire   . . .      SeeInvis .    (no weapon)
rCold   . . .      Faith    .    (no shield)
rNeg    . . .      Spirit   .    a - +0 robe
rPois   .          Reflect  .    (no helmet)
rElec   .          Harm     .    (no cloak)
rCorr   .          Rampage  .    (no gloves)
Will    .....                    (no boots)
Stlth   ++                       (no amulet)
HPRegen 0.25/turn                (no ring)
MPRegen 0.10/turn                (no ring)

@: no status effects
A: (nimble swimmer 2), mertail
a: no special abilities


You were on level 2 of the Dungeon.
You visited 1 branch of the dungeon, and saw 2 of its levels.

You collected 74 gold pieces.

Inventory:

Armour
 a - a +0 robe (worn)
Scrolls
 c - a scroll of noise {unknown}
 e - a scroll of vulnerability {unknown}
 i - a scroll of fog {unknown}
 j - a scroll of enchant armour {unknown}
 l - a scroll of magic mapping {unknown}
 m - a scroll of enchant weapon {unknown}
Potions
 b - a potion of magic
 d - 2 potions of mutation {unknown}
 f - 2 potions of flight {unknown}
 g - a potion of heal wounds {unknown}
 h - a potion of degeneration {unknown}
 k - a potion of ambrosia {unknown}


   Skills:
 + Level 2.8 Fighting
 - Level 2.6 Dodging
 - Level 2.1 Stealth
 - Level 2.0 Spellcasting
 + Level 5.3 Ice Magic


You had 3 spell levels left.
You knew the following spells:

 Your Spells              Type           Power      Damage    Failure   Level
a - Freeze                Ice            72%        1d8       2%          1
b - Frozen Ramparts       Ice            36%        1d6       7%          3

Your spell library contained the following spells:

 Spells                   Type           Power      Damage    Failure   Level
 Ozocubu's Armour         Ice            18%        N/A       7%          3
 Summon Ice Beast         Ice/Summ       10%        N/A       56%         4


Dungeon Overview and Level Annotations

Branches:
Dungeon (2/15)

Altars:

Shops:
D:1 ?


Innate Abilities, Weirdness & Mutations

((You are very nimble when in or above water. (Stealth+, EV+, Speed+++)))
Your lower body shifts to a powerful aquatic tail in water.


Message History

The gnoll barely misses you.
The wall freezes the gnoll.
Unknown command.
You hit Terence.
Terence is almost dead.
The wall freezes the gnoll.
The gnoll hits you from afar with a +0 spear.
The wall freezes Terence but does no damage.
Terence misses you.
The wall freezes the gnoll.
Unknown command.
You hit Terence but do no damage.
Terence is severely wounded.
The wall freezes the gnoll.
The gnoll closely misses you.
The wall freezes Terence.
You kill Terence!
The wall freezes the gnoll.
You have reached level 4!
You hit the gnoll but do no damage.
The gnoll is severely wounded.
The frozen ramparts melt away.
The gnoll hits you with a +0 flail. The gnoll misses you.
Unknown command.
You hit the gnoll.
The gnoll is severely wounded.
The gnoll barely misses you. x2
Unknown command.
You freeze the gnoll.
The gnoll is severely wounded.
The gnoll hits you with a +0 flail. The gnoll misses you.
Your magical contamination has completely faded away.
You hit the gnoll.
The gnoll is almost dead.
The gnoll barely misses you.
The gnoll hits you from afar with a +0 spear.
* * * LOW HITPOINT WARNING * * *
You hit the gnoll but do no damage.
The gnoll is almost dead.
The gnoll hits you with a +0 flail.
* * * LOW HITPOINT WARNING * * *
The gnoll hits you from afar with a +0 spear.
You die...

#.##.##.#
#.......#...
...
####.####...
... #...# ..
.g. #.### ...g.
#.# .#g###. #.#
.....=.
#.######......#
#....@g).#
#######g....#
#.....#
##.......
......# ......#
##...## ...#


You could see 2 gnolls.

Vanquished Creatures
  Terence (D:2)
  2 gnolls
  A dart slug (D:1)
  3 endoplasms (D:1)
  2 giant cockroaches (D:1)
  3 goblins (D:1)
  A hobgoblin (D:1)
  4 jackals (D:1)
  A quokka (D:1)
  3 ball pythons (D:1)
  2 bats (D:1)
  A frilled lizard (D:1)
  2 kobolds (D:1)
  4 rats
30 creatures vanquished.

Notes
Turn   | Place    | Note
-------+----------+-------------------------------------------
     0 | D:1      | hikkokomori the Merfolk Ice Elementalist began the quest
                  | for the Orb.
     0 | D:1      | Reached XP level 1. HP: 13/13 MP: 3/3
   149 | D:1      | Found Uxeq Numn's Magic Scroll Boutique.
   155 | D:1      | Reached skill level 1 in Fighting
   155 | D:1      | Reached XP level 2. HP: 19/21 MP: 0/5
   590 | D:1      | Reached XP level 3. HP: 27/27 MP: 2/6
   594 | D:1      | Learned a level 3 spell: Frozen Ramparts
   683 | D:1      | Reached skill level 5 in Ice Magic
   994 | D:2      | Noticed Terence
  1006 | D:2      | Killed Terence
  1007 | D:2      | Reached XP level 4. HP: 21/34 MP: 0/7
  1011 | D:2      | Slain by a gnoll

Illustrated notes

Levels and vault maps discovered:
D:1:      spicycebolla_arrival_ecumenical, layout_basic, serial_shops,
          nicolae_shop_trees, minivault_4
D:2:      layout_loops_cross, kennysheep_potato, uniq_terence

Skill      XL: |  1  2  3 |
---------------+----------+-----
Fighting       | 1 2 |  2.8
Ice Magic      | 5 |  5.3
Dodging        | |  2.6
Stealth        | |  2.1
Spellcasting   | |  2.0

Action                   |  1- 3 |  4- 6 || total
-------------------------+-------+-------++-------
Melee: Unarmed           |    17 |     4 ||    21
 Cast: Freeze            |    36 |     1 ||    37
       Frozen Ramparts   |     2 |       ||     2
Armor: Robe              |     6 |       ||     6
Dodge: Dodged            |    27 |     5 ||    32

Table legend: (Time is in decaauts)
 A = Elapsed time spent in this place.
 B = Non-inter-level travel time spent in this place.
 C = Inter-level travel time spent in this place.
 D = Time resting spent in this place.
 E = Time spent auto-exploring this place.
 F = Levels seen in this place.
 G = Mean time per level.
                   A        B        C        D        E       F      G
               +--------+--------+--------+--------+--------+-----+--------+
         Total |   1007 |    977 |     30 |      0 |    825 |   2 |  503.5 |
       Dungeon |   1007 |    977 |     30 |      0 |    825 |   2 |  503.5 |
               +--------+--------+--------+--------+--------+-----+--------+

Top non-repeatable levels by time:
     D:1: 934 daAuts
     D:2: 72 daAuts
